 Dungeon Crawl Stone Soup version 0.31-a0-152-g6aa68a64a1 (webtiles) character file.

Game seed: 10170105354789279574

441 qw the Skirmisher (level 6, -3/53 HPs)
             Began as a Minotaur Hunter on June 9, 2023.
             Slain by an ogre
             ... wielding a +0 giant club
              (23 damage)
             ... on level 4 of the Dungeon.
             The game lasted 00:01:15 (2763 turns).

qw the Skirmisher (Minotaur Hunter)                 Turns: 2763, Time: 00:01:15

Health: -3/53      AC:  4    Str: 16    XL:     6   Next: 70%
Magic:  5/5        EV: 12    Int:  6    God:
Gold:   114        SH:  5    Dex: 15    Spells: 5/5 levels left

rFire   . . .        Y - +1 shortbow
rCold   . . .        (shield currently unavailable)
rNeg    . . .        m - +0 leather armour {Will+}
rPois   .            (helmet restricted)
rElec   .            (no cloak)
rCorr   .            (no gloves)
SInv    .            i - +0 pair of boots
Will    +....        f - amulet of reflection
Stlth   +            (no ring)
HPRegen 0.28/turn    (no ring)
MPRegen 0.09/turn

%: reflection
@: no status effects
A: horns 2, retaliatory headbutt
a: no special abilities


You were on level 4 of the Dungeon.
You visited 1 branch of the dungeon, and saw 4 of its levels.

You collected 239 gold pieces.
You spent 125 gold pieces at shops.


Innate Abilities, Weirdness & Mutations

You have a pair of horns on your head.
You reflexively headbutt those who attack you in melee.


   Skills:
 + Level 4.3 Fighting
 - Level 8.0 Ranged Weapons
 - Level 1.8 Armour
 - Level 2.1 Dodging
 - Level 0.7 Stealth


You had 5 spell levels left.
You didn't know any spells.
Your spell library was empty.

Inventory:

Hand Weapons
 Y - a +1 shortbow (weapon)
Armour
 a - a +0 ring mail
 i - a +0 pair of boots (worn)
 m - a +0 leather armour of willpower (worn)
Jewellery
 c - a ring of protection from fire
 f - an amulet of reflection (around neck)
Scrolls
 h - 2 scrolls of identify
Potions
 b - a potion of lignification {unknown}
 d - a potion of brilliance {unknown}
 j - a potion of haste {unknown}
 l - 2 potions of curing {unknown}

Dungeon Overview and Level Annotations

Branches:
Dungeon (4/15)
 Temple: D:4-7

Altars:
Xom

Shops:
D:3 [


Message History

You shoot an arrow. The arrow hits the adder!
You kill the adder!
Your Ranged Weapons skill increases to level 8!
An orc wizard comes into view. It is wielding a +0 dagger.
You see here an adder corpse.
You shoot an arrow. The arrow barely misses the orc wizard.
The orc wizard shouts!
You shoot an arrow.
The arrow hits the orc wizard but does no damage.
The orc wizard barely misses you. You furiously retaliate!
You headbutt the orc wizard. You shoot an arrow. The arrow hits the orc wizard.
The orc wizard is lightly wounded.
The orc wizard hits you with a +0 dagger.
You shoot an arrow. The arrow hits the orc wizard.
The orc wizard is heavily wounded.
The orc wizard hits you but does no damage.
An ogre comes into view. It is wielding a +0 giant club.
You shoot an arrow. The arrow hits the orc wizard.
The orc wizard is severely wounded.
The orc wizard barely misses you.
You shoot an arrow. The arrow hits the orc wizard.
The orc wizard is almost dead.
The orc wizard hits you but does no damage.
You shoot an arrow. The arrow hits the orc wizard!
You kill the orc wizard!
You shoot an arrow. The arrow barely misses the ogre.
You block the ogre's attack.
You shoot an arrow. The arrow hits the ogre.
The ogre is lightly wounded.
The ogre hits you with a +0 giant club!!
Ouch! That really hurt!
You shoot an arrow. The arrow hits the ogre.
The ogre is moderately wounded.
The ogre misses you. You furiously retaliate!
You headbutt the ogre. You shoot an arrow. The arrow hits the ogre.
The ogre is heavily wounded.
You shoot an arrow. The arrow closely misses the ogre.
The ogre hits you with a +0 giant club!!
You die...

#.##.#.#....#
...#.#.###.##
####.#.# #.#
##.....###.#####
#.....[.#...'..#
#...###.#...##.##
#...# #.##...#..#
#...#
#.##...##.##
##'##
#.###...#.@#
.#.####.#
#...##.O)#
........#
##...#..##
..####### ...####
.......<#
.#......#
##..##.##
.#..(..# ##.#.###


You could see an ogre.

Vanquished Creatures
  A bullfrog (D:4)
  4 crimson imps (D:3)
  A hound (D:4)
  An orc wizard (D:4)
  Natasha (thrice) (D:2)
  Robin (D:2)
  2 adders
  2 worms (D:2)
  3 dart slugs
  10 ball pythons
  5 endoplasms
  4 giant cockroaches
  15 goblins
  5 hobgoblins
  2 jackals (D:3)
  2 quokkas
  5 bats
  2 frilled lizards (D:1)
  8 kobolds
  3 rats
79 creatures vanquished.

Notes
Turn   | Place    | Note
-------+----------+-------------------------------------------
     0 | D:1      | qw the Minotaur Hunter began the quest for the Orb.
     0 | D:1      | Reached XP level 1. HP: 18/18 MP: 0/0
     0 | D:1      | 0 ||| qw: Version: 0.2-a-122-gbc61b45
     0 | D:1      | 0 ||| qw: Game counter: 3445
     0 | D:1      | 0 ||| qw: Always use a shield: true
     0 | D:1      | 0 ||| qw: God list: Okawaru
     0 | D:1      | 0 ||| qw: Allow faded altars: false
     0 | D:1      | 0 ||| qw: Do Orc after D:15 true
     0 | D:1      | 0 ||| qw: Do second Lair branch before Depths: true
     0 | D:1      | 0 ||| qw: Lair rune preference: random
     0 | D:1      | 0 ||| qw: Plans: Normal
     0 | D:1      | 0 ||| PLANNING D:1-11
   118 | D:1      | Reached XP level 2. HP: 25/25 MP: 1/1
   286 | D:1      | Reached skill level 5 in Ranged Weapons
   287 | D:1      | 287 ||| FLEEEEING.
   522 | D:1      | Reached skill level 3 in Fighting
   741 | D:1      | 741 ||| UPGRADING to +0 pair of boots.
   746 | D:1      | 746 ||| READING scroll labelled KICOEKK AZIA.
   747 | D:1      | 747 ||| READING scroll labelled PUFAES RUCS.
   748 | D:1      | 748 ||| READING scroll labelled ASYIG NAURPHEM.
   749 | D:1      | 749 ||| READING scroll labelled QOIRUBL NAH BATYX.
   750 | D:1      | 750 ||| DRINKING 2 black potions.
   751 | D:1      | 751 ||| DRINKING 2 blue potions.
   752 | D:1      | 752 ||| DROPPING scroll of butterflies.
   753 | D:1      | 753 ||| DROPPING potion of enlightenment.
   754 | D:1      | 754 ||| DROPPING potion of magic.
   756 | D:1      | 756 ||| Stepping ~*~*~tactically~*~*~ (cloud).
   762 | D:1      | HP: 6/26 [poisoned by you (poison gas)]
   917 | D:2      | Noticed Robin
   918 | D:2      | Reached XP level 3. HP: 31/31 MP: 2/2
   928 | D:2      | Killed Robin
  1041 | D:2      | Noticed Natasha
  1046 | D:2      | Killed Natasha
  1047 | D:2      | Reached skill level 6 in Ranged Weapons
  1047 | D:2      | Reached XP level 4. HP: 38/38 MP: 3/3
  1131 | D:2      | Noticed Natasha
  1137 | D:2      | Killed Natasha
  1138 | D:2      | Reached skill level 1 in Armour
  1199 | D:2      | Noticed Natasha
  1204 | D:2      | 1204 ||| Stepping ~*~*~tactically~*~*~ (outnumbered).
  1212 | D:2      | Killed Natasha
  1467 | D:2      | Reached XP level 5. HP: 46/46 MP: 4/4
  1470 | D:2      | 1470 ||| UPGRADING to +0 ring mail.
  1480 | D:2      | 1480 ||| DROPPING +0 leather armour.
  1481 | D:2      | 1481 ||| DROPPING +6 ring of intelligence.
  1482 | D:2      | 1482 ||| READING scroll labelled UWNOLO VOIMAI.
  1486 | D:2      | 1486 ||| READING scroll labelled DEG AHAFUKOVOL.
  1499 | D:3      | 1499 ||| STAIRDANCE
  1694 | D:3      | Found a shimmering altar of Xom.
  1721 | D:3      | Reached skill level 7 in Ranged Weapons
  1836 | D:3      | Reached XP level 6. HP: 52/52 MP: 5/5
  2075 | D:3      | Found Funorr's Antique Armour Boutique.
  2083 | D:3      | 2083 ||| BUYING dyed leather armour (125 gold).
  2083 | D:3      | Bought a dyed leather armour for 125 gold pieces
  2442 | D:3      | 2442 ||| UPGRADING to +0 leather armour of willpower.
  2452 | D:3      | 2452 ||| UPGRADING to amulet of the acrobat.
  2457 | D:3      | 2457 ||| UPGRADING to amulet of reflection.
  2467 | D:3      | 2467 ||| DROPPING amulet of the acrobat.
  2468 | D:3      | 2468 ||| READING scroll labelled EXUSKEO CIME.
  2469 | D:3      | 2469 ||| READING scroll labelled SIARAR SUT REKOID.
  2470 | D:3      | 2470 ||| DRINKING 2 sedimented black potions.
  2594 | D:4      | HP: 12/52 [bullfrog (8)]
  2595 | D:4      | 2595 ||| READING scroll of teleportation.
  2596 | D:4      | 2596 ||| DRINKING potion of heal wounds.
  2748 | D:4      | Reached skill level 8 in Ranged Weapons
  2763 | D:4      | Slain by an ogre

Levels and vault maps discovered:
D:1:      dpeg_arrival_signposts, layout_basic, serial_forest,
          infiniplex_forest_end_1, infiniplex_forest_lined_room_2,
          infiniplex_forest_straight_2, infiniplex_forest_straight_3,
          infiniplex_forest_end_2, infiniplex_forest_straight_3,
          infiniplex_forest_lined_room_2, minmay_small_reverse_x
D:2:      layout_basic, uniq_natasha, uniq_robin
D:3:      layout_loops_corners, led_xom_imps, serial_shops, shop, st_stairs_5,
          minmay_misc_feat_pillars, grunt_decor_cap
D:4:      minmay_razor_zed, layout_basic, nemelex_diamond_rough_becter,
          minmay_temple_entry_slanted, minmay_misc_feat_tiny, uniq_ijyb,
          uniq_sigmund

Skill      XL: |  1  2  3  4  5  6 |
---------------+-------------------+-----
Ranged Weapons | 5 6 7 8 |  8.0
Fighting       | 3 4 |  4.3
Armour         | 1 |  1.8
Dodging        | |  2.1
Stealth        | |  0.7

Action                     |  1- 3 |  4- 6 || total
---------------------------+-------+-------++-------
   Fire: Shortbow          |    89 |   157 ||   246
    Use: Scroll            |     4 |     5 ||     9
         Potion            |     2 |     2 ||     4
 Armour: Leather armour    |     9 |     9 ||    18
         Ring mail         |       |    15 ||    15
  Dodge: Dodged            |    32 |    52 ||    84
  Block: Other             |       |    10 ||    10

Table legend:
 A = Non-vault XP
 B = Vault XP
 C = Vault XP percentage of total XP
 D = Non-vault monster count
 E = Vault monster count
 F = Vault count percentage of total count
                 A         B        C        D         E       F
            +---------+---------+-------+---------+---------+-------
      Total |     305 |     325 |  51.6 |      53 |      26 |  32.9
            +---------+---------+-------+---------+---------+-------
        D:1 |      25 |       9 |  26.5 |      18 |       4 |  18.2
        D:2 |      99 |      70 |  41.4 |      15 |      13 |  46.4
        D:3 |      41 |     194 |  82.6 |      15 |       6 |  28.6
        D:4 |     140 |      52 |  27.1 |       5 |       3 |  37.5
            +---------+---------+-------+---------+---------+-------
